[Event "ICC tourney 2416 (40 10)"]
[Site "Internet Chess Club"]
[Date "2021.02.28"]
[Round "3"]
[White "MOERLIEN, PUWIT SKY:SuperBlueSky"]
[Black "LIAO, CONNOR:che2468"]
[Result "1-0"]
[ICCResult "Black checkmated"]
[WhiteElo "1585"]
[BlackElo "1465"]
[Opening "QGD: Cambridge Springs defense, Bogolyubov variation"]
[ECO "D52"]
[NIC "QO.15"]
[Time "15:31:16"]
[PlyCount "143"]
[TimeControl "2400+10"]

1. d4 d5 2. c4 c6 3. Nf3 Nf6 4. Nc3 e6 5. Bg5 Nbd7 6. e3 Qa5 7. Nd2 Bb4 8.
Qc2 O-O 9. Be2 dxc4 10. Bxf6 Nxf6 11. Nxc4 Qg5 12. O-O Ng4 13. Ne4 Qg6 14.
Bd3 f5 15. Ned2 Rf6 16. h3 Qh5 17. Nf3 Rg6 18. Nce5 Nxe5 19. Nxe5 Rh6 20.
f4 Bd6 21. Nf3 Rg6 22. Kh1 Bd7 23. Qb3 b6 24. Rae1 Rh6 25. Ng5 Rf8 26. Rf2
Rff6 27. Ref1 c5 28. d5 Rhg6 29. dxe6 Bxe6 30. Nxe6 Rg3 31. Ng5+ Kf8 32.
Rf3 Rxg5 33. fxg5 Qxg5 34. Bxf5 Ke7 35. Bg4 Qe5 36. g3 h5 37. Rxf6 gxf6 38.
Qe6+ Qxe6 39. Bxe6 Kxe6 40. Kg2 Be5 41. b3 b5 42. Kf3 c4 43. bxc4 bxc4 44.
g4 hxg4+ 45. hxg4 c3 46. Ke4 a6 47. Kd3 Kd5 48. Rb1 Kc5 49. Rb7 Kc6 50. Re7
Kd6 51. Ra7 Kc5 52. Rxa6 Kb5 53. Re6 Kc5 54. Rxe5+ fxe5 55. Kxc3 Kd6 56. g5
Ke6 57. a4 Kf5 58. a5 Kxg5 59. a6 Kg4 60. a7 Kf3 61. Kd2 Kg4 62. a8=Q Kf5
63. Qd5 Kf6 64. e4 Kg7 65. Qxe5+ Kf7 66. Ke3 Kg6 67. Qf4 Kh5 68. Qg3 Kh6
69. Kf4 Kh7 70. Kf5 Kh8 71. Kf6 Kh7 72. Qg7# { Black checkmated } 1-0

[Event "ICC tourney 2416 (40 10)"]
[Site "Internet Chess Club"]
[Date "2021.02.28"]
[Round "3"]
[White "TIONG, RACHAEL:rachael1120"]
[Black "ZOU, KEVIN GAOMING:lmperfectFocus"]
[Result "1/2-1/2"]
[ICCResult "Game drawn by mutual agreement"]
[WhiteElo "1634"]
[BlackElo "1582"]
[Opening "Giuoco Piano"]
[ECO "C54"]
[NIC "IG.02"]
[Time "15:31:16"]
[PlyCount "75"]
[TimeControl "2400+10"]

1. e4 e5 2. Nf3 Nc6 3. Bc4 Bc5 4. c3 Nf6 5. d4 exd4 6. cxd4 Bb4+ 7. Bd2
Bxd2+ 8. Nbxd2 d5 9. exd5 Nxd5 10. Qb3 Na5 11. Qa4+ c6 12. Bxd5 Qxd5 13.
Rc1 Qb5 14. Qxb5 cxb5 15. d5 b6 16. b4 Nc4 17. Nxc4 bxc4 18. Rxc4 Bb7 19.
Rd4 O-O-O 20. d6 Rhe8+ 21. Kd2 Re6 22. Rc1+ Kb8 23. Rc3 Rexd6 24. Rxd6
Rxd6+ 25. Ke2 Rc6 26. Kd2 Rxc3 27. Kxc3 Bxf3 28. gxf3 Kc7 29. b5 Kd7 30.
Kd4 Kd6 31. f4 f5 32. h4 g6 33. f3 Ke6 34. Kc4 h6 35. a3 Kd6 36. Kd4 Ke6
37. Kc4 Kd6 38. Kd4 { Game drawn by mutual agreement } 1/2-1/2

[Event "ICC tourney 2416 (40 10)"]
[Site "Internet Chess Club"]
[Date "2021.02.28"]
[Round "3"]
[White "WU, WENTAO:Threehundreds"]
[Black "KONG, MILO JAMES:therealkingkong"]
[Result "0-1"]
[ICCResult "White resigns"]
[WhiteElo "1439"]
[BlackElo "1570"]
[Opening "French defense"]
[ECO "C01"]
[NIC "FR.01"]
[Time "15:31:11"]
[PlyCount "90"]
[TimeControl "2400+10"]

1. e4 e6 2. d4 b6 3. Nd2 Bb7 4. Bd3 Nf6 5. c3 d5 6. e5 Nfd7 7. Ne2 c5 8.
Nf3 Nc6 9. O-O Be7 10. Be3 O-O 11. Rc1 f5 12. exf6 Nxf6 13. h3 Bd6 14. Bf4
Qc7 15. Bxd6 Qxd6 16. Re1 Rae8 17. Ng3 cxd4 18. Nxd4 Nxd4 19. cxd4 Rc8 20.
Qe2 Rxc1 21. Rxc1 Rc8 22. Rxc8+ Bxc8 23. Qc2 Bd7 24. Ba6 e5 25. dxe5 Qxe5
26. Kf1 d4 27. Bc4+ Kh8 28. Qd3 h6 29. Ne2 Ne4 30. Ba6 Nc5 31. Qa3 Nxa6 32.
Qxa6 Bb5 33. Qc8+ Kh7 34. Qg4 d3 35. Nc3 d2+ 36. Kg1 Be2 37. Qa4 Bd3 38.
Qb3 Qe1+ 39. Kh2 Qxf2 40. Nd5 Qd4 41. Nc3 Qd6+ 42. Kh1 Be2 43. Qc2+ Qd3 44.
Qxd3+ Bxd3 45. Kg1 Bc2 { White resigns } 0-1

[Event "ICC tourney 2416 (40 10)"]
[Site "Internet Chess Club"]
[Date "2021.02.28"]
[Round "3"]
[White "Xia, Joshua:MathMonkey"]
[Black "YUAN, SERENA:doudou2011"]
[Result "0-1"]
[ICCResult "White checkmated"]
[WhiteElo "1332"]
[BlackElo "1505"]
[Opening "Sicilian: Pelikan (Lasker/Sveshnikov) variation"]
[ECO "B33"]
[NIC "SI.36"]
[Time "15:31:13"]
[PlyCount "164"]
[TimeControl "2400+10"]

1. e4 c5 2. Nf3 Nc6 3. d4 cxd4 4. Nxd4 Nf6 5. Nc3 e5 6. Ndb5 d6 7. Bg5 a6
8. Bxf6 gxf6 9. Na3 b5 10. Nd5 Bg7 11. Qd2 Ne7 12. O-O-O Bb7 13. Nxe7 Qxe7
14. Qxd6 Qxd6 15. Rxd6 Bxe4 16. f3 Ke7 17. Rxa6 Bh6+ 18. Kb1 Bxc2+ 19. Kxc2
Rhc8+ 20. Kb3 Rxa6 21. Bxb5 Rb6 22. Rd1 Rd8 23. Rxd8 Kxd8 24. Kb4 Bf8+ 25.
Ka5 Kc7 26. Nc4 Rb8 27. a4 Ra8+ 28. Ba6 Bc5 29. Kb5 Bd4 30. Ka5 Rb8 31. Bb5
f5 32. Kb4 e4 33. Kb3 e3 34. Kc2 f4 35. b3 Rg8 36. Kd3 Ba7 37. g4 fxg3 38.
hxg3 Rxg3 39. Ke2 Rg2+ 40. Kd3 e2 41. Kd2 Bc5 42. Ke1 Bb4+ 43. Nd2 h5 44.
Bxe2 Bxd2+ 45. Kxd2 h4 46. Ke3 Rg6 47. f4 h3 48. Bf3 h2 49. Ke4 Rg3 50. Bh1
Rxb3 51. Kf5 Rb1 52. Be4 h1=Q 53. Bxh1 Rxh1 54. Kf6 Rf1 55. f5 Kb6 56. Kg5
Ka5 57. Kf6 Kxa4 58. Kg5 Kb5 59. Kf6 Kc6 60. Ke5 Kc5 61. Kf6 Kd6 62. Kxf7
Rxf5+ 63. Kg6 Ra5 64. Kf6 Ra1 65. Kf5 Re1 66. Kf4 Kd5 67. Kf3 Kd4 68. Kf2
Re7 69. Kf3 Re8 70. Kf2 Kd3 71. Kf1 Kd2 72. Kf2 Rf8+ 73. Kg3 Ke3 74. Kg4
Rf1 75. Kg5 Ke4 76. Kg6 Ke5 77. Kg7 Ke6 78. Kg8 Ke7 79. Kg7 Rg1+ 80. Kh6
Kf6 81. Kh7 Rg2 82. Kh6 Rh2# { White checkmated } 0-1

[Event "ICC tourney 2416 (40 10)"]
[Site "Internet Chess Club"]
[Date "2021.02.28"]
[Round "3"]
[White "JONES, RICHARD S:weakfish"]
[Black "Kashyap, Manish B:mnm2"]
[Result "1-0"]
[ICCResult "Black resigns"]
[WhiteElo "1567"]
[BlackElo "1545"]
[Opening "Sicilian"]
[ECO "B56"]
[NIC "SI.25"]
[Time "15:31:28"]
[PlyCount "169"]
[TimeControl "2400+10"]

1. e4 c5 2. Nf3 d6 3. d4 cxd4 4. Nxd4 Nf6 5. Nc3 Nc6 6. Bb5 Bd7 7. Nxc6
bxc6 8. Bc4 e6 9. Bg5 Be7 10. Bxf6 Bxf6 11. Qxd6 Qb6 12. O-O-O Rd8 13. f4
Bc8 14. Qa3 Qe3+ 15. Kb1 Be7 16. Rxd8+ Bxd8 17. Qd6 Qb6 18. Na4 Qb7 19. Rd1
Be7 20. Qd4 O-O 21. b3 Qc7 22. e5 Rd8 23. Qg1 c5 24. Rxd8+ Qxd8 25. Qe3
Qd1+ 26. Kb2 Qd4+ 27. Qxd4 cxd4 28. c3 dxc3+ 29. Kxc3 Bb7 30. g3 Kf8 31.
Kd4 Ke8 32. Nc5 Bc6 33. b4 g5 34. b5 Bf3 35. a4 h6 36. a5 Kd8 37. b6 axb6
38. axb6 gxf4 39. gxf4 Kc8 40. Ba6+ Kb8 41. Bd3 Bd5 42. Bh7 Bh4 43. Ke3 Be7
44. Nd7+ Kb7 45. Bg8 Kc6 46. Nf6 Kxb6 47. Nxd5+ exd5 48. Bxf7 Kc6 49. f5
Bg5+ 50. Kd4 Bf4 51. h3 Kd7 52. Kxd5 Ke7 53. Be6 Bg5 54. Ke4 h5 55. Kf3 Bh6
56. Kg3 Bg5 57. Bc4 Bh6 58. Kh4 Bg7 59. e6 Kf6 60. Kxh5 Bf8 61. Kg4 Bc5 62.
h4 Bd6 63. h5 Bf8 64. Kf4 Bh6+ 65. Ke4 Bf8 66. Kd5 Kxf5 67. Kc6 Kf6 68. Kd7
Kg5 69. Be2 Ba3 70. e7 Bxe7 71. Kxe7 Kh6 72. Kf6 Kh7 73. Kg5 Kh8 74. Kg6
Kg8 75. Bc4+ Kh8 76. Bd3 Kg8 77. Kf6 Kh8 78. Bc4 Kh7 79. Bf7 Kh6 80. Be8
Kh7 81. Kf7 Kh6 82. Kg8 Kg5 83. Kg7 Kh4 84. h6 Kg5 85. h7 { Black resigns }
1-0

[Event "ICC tourney 2416 (40 10)"]
[Site "Internet Chess Club"]
[Date "2021.02.28"]
[Round "3"]
[White "SASSON, IVRY:IvSa"]
[Black "KURBANOV, ABROR:Abror"]
[Result "0-1"]
[ICCResult "White checkmated"]
[WhiteElo "1649"]
[BlackElo "1635"]
[Opening "Queen's gambit declined"]
[ECO "D30"]
[NIC "QO.17"]
[Time "15:31:16"]
[PlyCount "108"]
[TimeControl "2400+10"]

1. d4 e6 2. c4 d5 3. Nf3 f5 4. Bf4 Bd6 5. Be5 Nf6 6. Nc3 c6 7. e3 O-O 8.
Be2 b6 9. h3 Ne4 10. Qc2 Bb7 11. a3 Bxe5 12. Nxe5 Nd7 13. Nxd7 Qxd7 14. O-O
Nd6 15. b3 Rac8 16. c5 bxc5 17. dxc5 Nf7 18. Rad1 Qe7 19. b4 Ra8 20. Nb1 a5
21. Nd2 axb4 22. axb4 Ba6 23. Bxa6 Rxa6 24. Ra1 Rfa8 25. Nb3 Ne5 26. Rxa6
Rxa6 27. Na5 Qc7 28. Rb1 Ra8 29. Qc3 Rb8 30. Qb3 Rb5 31. Qc3 Qb8 32. f4
Rxa5 33. fxe5 Rb5 34. Qd4 Rb7 35. Kf1 Ra7 36. Ke1 Qb5 37. g4 Ra2 38. Rb2
Ra1+ 39. Kd2 Qf1 40. Kc3 Ra3+ 41. Kc2 Qe2+ 42. Qd2 Qc4+ 43. Kb1 Qa6 44. Ra2
Rb3+ 45. Rb2 Rd3 46. Qe2 Qa3 47. gxf5 Rxe3 48. Qf2 Qd3+ 49. Qc2 Re1+ 50.
Ka2 Qa6+ 51. Kb3 Re3+ 52. Qc3 Qc4+ 53. Ka4 Rxc3 54. fxe6 Qa6# { White
checkmated } 0-1

[Event "ICC tourney 2416 (40 10)"]
[Site "Internet Chess Club"]
[Date "2021.02.28"]
[Round "4"]
[White "ZHOU, ZIQI:zappower"]
[Black "TIONG, RACHAEL:rachael1120"]
[Result "1-0"]
[ICCResult "Black resigns"]
[WhiteElo "1429"]
[BlackElo "1634"]
[Opening "Sicilian: accelerated fianchetto, modern variation"]
[ECO "B34"]
[NIC "SI.33"]
[Time "17:47:03"]
[PlyCount "31"]
[TimeControl "2400+10"]

1. e4 c5 2. Nf3 Nc6 3. d4 cxd4 4. Nxd4 g6 5. Nc3 Bg7 6. Be3 Nf6 7. Be2 O-O
8. Qd2 d5 9. exd5 Nxd5 10. Nxd5 Qxd5 11. Nxc6 Qxc6 12. O-O-O Bf5 13. f3
Rac8 14. Bd3 Rfd8 15. Qe2 Qb6 16. Bxb6 { Black resigns } 1-0

[Event "ICC tourney 2416 (40 10)"]
[Site "Internet Chess Club"]
[Date "2021.02.28"]
[Round "4"]
[White "RAMASWAMY, PUDUR:clair"]
[Black "LIAO, CAITLIN:che8642"]
[Result "1-0"]
[ICCResult "Black checkmated"]
[WhiteElo "1723"]
[BlackElo "1548"]
[Opening "Queen's pawn, Mason variation"]
[ECO "D00"]
[NIC "QP.08"]
[Time "17:46:37"]
[PlyCount "53"]
[TimeControl "2400+10"]

1. d4 d5 2. Bf4 Nf6 3. e3 e6 4. Nd2 c5 5. c3 Nc6 6. Bd3 Bd6 7. Bg3 O-O 8.
Ngf3 Bd7 9. Bxd6 Re8 10. Bxc5 b6 11. Bd6 Bc8 12. Bg3 Bb7 13. O-O Qe7 14.
Ne5 Nd8 15. Bh4 Rc8 16. f4 h6 17. Ng4 Kh8 18. Bxf6 gxf6 19. Nxh6 f5 20. Qh5
Kg7 21. Rf3 Rh8 22. Nxf5+ exf5 23. Rg3+ Kf6 24. Qxh8+ Ke6 25. Qe5+ Kd7 26.
Bxf5+ Ke8 27. Rg8# { Black checkmated } 1-0

[Event "ICC tourney 2416 (40 10)"]
[Site "Internet Chess Club"]
[Date "2021.02.28"]
[Round "4"]
[White "HEBBAR, ESHAAN:solveur"]
[Black "SASSON, IVRY:IvSa"]
[Result "1-0"]
[ICCResult "Black resigns"]
[WhiteElo "1560"]
[BlackElo "1649"]
[Opening "QGD: Marshall defense"]
[ECO "A50"]
[NIC "QP.07"]
[Time "17:47:24"]
[PlyCount "57"]
[TimeControl "2400+10"]

1. d4 Nf6 2. c4 d5 3. cxd5 Nxd5 4. e4 Nf6 5. Nc3 e6 6. Nf3 Bb4 7. Bd3 O-O
8. O-O b6 9. Bg5 Be7 10. Bxf6 Bxf6 11. e5 Be7 12. Be4 c6 13. Rc1 Bb7 14.
Ne2 Qd7 15. Qc2 h6 16. Rfd1 Rc8 17. Ng3 Na6 18. a3 Qc7 19. Qe2 c5 20. dxc5
Bxe4 21. Nxe4 Qb7 22. Nd6 Bxd6 23. cxd6 Rxc1 24. Rxc1 Rc8 25. Rxc8+ Qxc8
26. d7 Qxd7 27. Qxa6 Qd1+ 28. Qf1 Qxf1+ 29. Kxf1 { Black resigns } 1-0

[Event "ICC tourney 2416 (40 10)"]
[Site "Internet Chess Club"]
[Date "2021.02.28"]
[Round "4"]
[White "Kannan, Aadhi M:niftyfountain"]
[Black "MOERLIEN, PUWIT SKY:SuperBlueSky"]
[Result "0-1"]
[ICCResult "White resigns"]
[WhiteElo "1330"]
[BlackElo "1585"]
[Opening "Scotch: Potter variation"]
[ECO "C45"]
[NIC "SO.05"]
[Time "17:46:55"]
[PlyCount "44"]
[TimeControl "2400+10"]

1. e4 e5 2. Nf3 Nc6 3. d4 exd4 4. Nxd4 Bc5 5. Nb3 Bb6 6. Nc3 d6 7. Qe2 Nf6
8. Be3 Qe7 9. f3 Be6 10. O-O-O O-O-O 11. Bxb6 axb6 12. Nd4 Bd7 13. Nxc6
Bxc6 14. Kb1 Rhe8 15. Qf2 d5 16. exd5 Nxd5 17. Nxd5 Rxd5 18. Bd3 g6 19.
Rhe1 Re5 20. Rxe5 Qxe5 21. h3 h5 22. Re1 Qxe1+ { White resigns } 0-1

[Event "ICC tourney 2416 (40 10)"]
[Site "Internet Chess Club"]
[Date "2021.02.28"]
[Round "4"]
[White "Rodriguez, Eduardo A:EduardoNASA"]
[Black "JONES, RICHARD S:weakfish"]
[Result "1-0"]
[ICCResult "Black resigns"]
[WhiteElo "1807"]
[BlackElo "1567"]
[Opening "Caro-Kann: closed (Breyer) variation"]
[ECO "B10"]
[NIC "CK.01"]
[Time "17:46:42"]
[PlyCount "71"]
[TimeControl "2400+10"]

1. e4 c6 2. d3 d5 3. Nd2 dxe4 4. dxe4 Nf6 5. Ngf3 Bg4 6. Bc4 e6 7. O-O Be7
8. c3 Nbd7 9. Qc2 O-O 10. h3 Bh5 11. g4 Bg6 12. Nh4 Ne5 13. Nxg6 Nxg6 14.
f4 Bc5+ 15. Kh1 Qc7 16. e5 Nd5 17. Bxd5 cxd5 18. Nf3 Rad8 19. Ng5 Be7 20.
Nf3 a6 21. Bd2 Rd7 22. Be3 Bc5 23. Bxc5 Qxc5 24. Nd4 b5 25. f5 Nxe5 26.
fxe6 Re7 27. exf7+ Rfxf7 28. Nf5 Re8 29. Rae1 Qf8 30. Qd2 Nc4 31. Rxe8 Qxe8
32. Qxd5 Kh8 33. b3 Rd7 34. Qc6 Nd2 35. Rd1 g6 36. Qf6+ { Black resigns }
1-0

[Event "ICC tourney 2416 (40 10)"]
[Site "Internet Chess Club"]
[Date "2021.02.28"]
[Round "4"]
[White "MISRA, PRAGYAN:SoaringHawk24"]
[Black "LEWIS, FRANKLIN PHILLIP:Frankiechess11"]
[Result "1-0"]
[ICCResult "Black checkmated"]
[WhiteElo "1441"]
[BlackElo "1712"]
[Opening "Giuoco Piano: Möller (Therkatz) attack"]
[ECO "C54"]
[NIC "IG.02"]
[Time "17:46:38"]
[PlyCount "85"]
[TimeControl "2400+10"]

1. e4 e5 2. Nf3 Nc6 3. Bc4 Bc5 4. c3 Nf6 5. d4 exd4 6. cxd4 Bb4+ 7. Nc3
Nxe4 8. O-O Bxc3 9. d5 Ne7 10. bxc3 Nf6 11. Bg5 d6 12. Bxf6 gxf6 13. Qd4
Ng6 14. Rfe1+ Kf8 15. Qd2 Kg7 16. Bd3 Bg4 17. Re3 Re8 18. Rae1 Qd7 19. h3
Rxe3 20. Rxe3 Bxf3 21. Rxf3 Re8 22. Rg3 Qe7 23. Re3 Qd7 24. Rg3 Qe7 25. Kf1
Qf8 26. c4 Qe7 27. h4 Kh8 28. h5 Nf4 29. Re3 Ne6 30. dxe6 fxe6 31. Rg3 f5
32. Qb2+ e5 33. Bxf5 Qh4 34. Qc2 Rf8 35. Kg1 Qxh5 36. Bxh7 Rf4 37. Rh3 Rh4
38. Rxh4 Qxh4 39. Bd3 Qd4 40. Qd2 Qh4 41. Qe3 a6 42. Qf3 Qd4 43. Qf8# {
Black checkmated } 1-0

[Event "ICC tourney 2416 (40 10)"]
[Site "Internet Chess Club"]
[Date "2021.02.28"]
[Round "4"]
[White "WU, WENTAO:Threehundreds"]
[Black "SULTAN, BASHIR CISSE:muzikmixer"]
[Result "1-0"]
[ICCResult "Black checkmated"]
[WhiteElo "1439"]
[BlackElo "1579"]
[Opening "Pirc: Ufimtsev-Pytel variation"]
[ECO "B07"]
[NIC "PU.08"]
[Time "17:46:38"]
[PlyCount "81"]
[TimeControl "2400+10"]

1. e4 d6 2. d4 Nf6 3. Nc3 c6 4. Nf3 Bg4 5. Be2 e6 6. h3 Bh5 7. Bg5 Be7 8.
Qd2 d5 9. exd5 Bxf3 10. Bxf3 cxd5 11. Bf4 Nc6 12. O-O O-O 13. b3 Rc8 14.
Rfe1 Bb4 15. Re2 Nxd4 16. Qxd4 Bxc3 17. Qd1 Bxa1 18. Qxa1 Ne4 19. Bxe4 dxe4
20. Rd2 Qf6 21. Be5 Qg5 22. Re2 f6 23. Bd4 Rfd8 24. Bxa7 Qd5 25. Kh2 f5 26.
c4 Qd1 27. Qb2 Rc6 28. Be3 Qd6+ 29. Kg1 Qd1+ 30. Kh2 Rcd6 31. Bf4 e5 32.
Bxe5 Rd2 33. Rxd2 Qxd2 34. Qa3 Rd7 35. Qa8+ Kf7 36. Qh8 Kg6 37. Qe8+ Kh6
38. Qe6+ g6 39. a4 Rd8 40. Qe7 Qd7 41. Qh4# { Black checkmated } 1-0

[Event "ICC tourney 2416 (40 10)"]
[Site "Internet Chess Club"]
[Date "2021.02.28"]
[Round "4"]
[White "Xia, Joshua:MathMonkey"]
[Black "XU, ANDY YUEDUO:sillytiger"]
[Result "1/2-1/2"]
[ICCResult "Game drawn by mutual agreement"]
[WhiteElo "1332"]
[BlackElo "1463"]
[Opening "Sicilian: Najdorf, Byrne (English) attack"]
[ECO "B90"]
[NIC "SI.14"]
[Time "17:46:45"]
[PlyCount "71"]
[TimeControl "2400+10"]

1. e4 c5 2. Nf3 a6 3. Nc3 d6 4. d4 cxd4 5. Nxd4 Nf6 6. Be3 e5 7. Nb3 Be6 8.
Be2 Nbd7 9. O-O Be7 10. f4 exf4 11. Bxf4 Nb6 12. Be3 O-O 13. Rf3 Nc4 14.
Bxc4 Bxc4 15. Rg3 Kh8 16. Nd2 Be6 17. Nf3 Nh5 18. Nd5 Bxd5 19. Qxd5 Nxg3
20. hxg3 b5 21. Kf2 Qc8 22. c3 Qe6 23. Qh5 Qxe4 24. Rh1 Qg6 25. Qh3 Rac8
26. Nd4 f5 27. Ne6 Rf7 28. Qh2 h6 29. Nf4 Qg4 30. Bd4 Bf6 31. Bxf6 Rxf6 32.
Qg1 b4 33. Rh4 Qg5 34. Rh5 Qg4 35. Rh4 Qg5 36. Rh5 { Game drawn by mutual
agreement } 1/2-1/2

[Event "ICC tourney 2416 (40 10)"]
[Site "Internet Chess Club"]
[Date "2021.02.28"]
[Round "4"]
[White "SAXENA, VIHAAN:vihaan2011"]
[Black "KYPRIOTAKIS, KYRIAKOS:Kyriakos1301"]
[Result "1-0"]
[ICCResult "Black resigns"]
[WhiteElo "1334"]
[BlackElo "1550"]
[Opening "Sicilian: Najdorf, Byrne (English) attack"]
[ECO "B90"]
[NIC "SI.14"]
[Time "17:47:32"]
[PlyCount "77"]
[TimeControl "2400+10"]

1. e4 c5 2. Nf3 d6 3. d4 cxd4 4. Nxd4 Nf6 5. Nc3 a6 6. Be3 e5 7. Nb3 Be7 8.
Be2 Be6 9. O-O O-O 10. Qd2 Nbd7 11. f4 Rc8 12. f5 Bc4 13. Rfe1 b5 14. Bf3
Qc7 15. Bf2 Rfd8 16. Rad1 a5 17. a3 Nc5 18. Nxc5 dxc5 19. Qc1 b4 20. axb4
cxb4 21. Rxd8+ Rxd8 22. Nb1 Bc5 23. Bxc5 Qxc5+ 24. Kh1 Bb5 25. c3 Rc8 26.
Qd2 Ba4 27. Bd1 Bxd1 28. Qxd1 Qc4 29. Qe2 Qb3 30. Qa6 Rb8 31. Qxa5 bxc3 32.
Nxc3 Qxb2 33. h3 Qd2 34. Rd1 Nxe4 35. Rxd2 Nxd2 36. Qxe5 Rc8 37. Qe2 Nb3
38. f6 gxf6 39. Qg4+ { Black resigns } 1-0

[Event "ICC tourney 2416 (40 10)"]
[Site "Internet Chess Club"]
[Date "2021.02.28"]
[Round "4"]
[White "PEYTON, NATHAN MAX:ToughTurtle"]
[Black "BRAHMANAPALLY, SARVAGNYA:bsarvagnya"]
[Result "1-0"]
[ICCResult "Black resigns"]
[WhiteElo "1506"]
[BlackElo "1357"]
[Opening "Four knights: Spanish, classical defense"]
[ECO "C48"]
[NIC "KP.03"]
[Time "17:48:51"]
[PlyCount "71"]
[TimeControl "2400+10"]

1. e4 e5 2. Nf3 Nc6 3. Nc3 Nf6 4. Bb5 Bc5 5. O-O d6 6. h3 Bd7 7. d3 a6 8.
Bc4 Qc8 9. Qe2 h6 10. Nd1 Nh5 11. Be3 Bxe3 12. Nxe3 Nf4 13. Qd1 g5 14. Nh2
h5 15. Qf3 Nd4 16. Qd1 Nde2+ 17. Kh1 g4 18. g3 gxh3 19. gxf4 Nxf4 20. Nd5
Nxd5 21. Bxd5 Be6 22. Bxe6 Qxe6 23. Qf3 O-O-O 24. Qf5 Rdg8 25. Qxe6+ fxe6
26. Rg1 Rf8 27. f3 h4 28. Rg6 Rf7 29. Rag1 Kd7 30. Rg7 Rh7 31. Rxh7 Rxh7
32. Ng4 Rf7 33. Rf1 c5 34. Kh2 b5 35. Kxh3 Rh7 36. Nf6+ { Black resigns }
1-0

[Event "ICC tourney 2416 (40 10)"]
[Site "Internet Chess Club"]
[Date "2021.02.28"]
[Round "4"]
[White "KONG, MILO JAMES:therealkingkong"]
[Black "THOMAS, MICHAEL G:chesslin"]
[Result "1-0"]
[ICCResult "Black resigns"]
[WhiteElo "1570"]
[BlackElo "1788"]
[Opening "Pirc: Austrian attack"]
[ECO "B06"]
[NIC "PU.06"]
[Time "17:47:32"]
[PlyCount "79"]
[TimeControl "2400+10"]

1. e4 g6 2. d4 Bg7 3. Nc3 d6 4. f4 Nf6 5. Nf3 O-O 6. Bc4 c5 7. d5 b5 8. Bd3
c4 9. Be2 b4 10. Nb1 Nxe4 11. Bxc4 Qa5 12. Bb3 Ba6 13. Nbd2 Nxd2 14. Qxd2
Nd7 15. Nd4 Rac8 16. Nc6 Rxc6 17. dxc6 Nc5 18. Bd5 e6 19. Bf3 d5 20. a3 Rb8
21. c7 Qxc7 22. axb4 Bb5 23. bxc5 Qxc5 24. Be2 Bc6 25. c3 a5 26. Bf3 a4 27.
Ra3 h5 28. Qf2 Qc4 29. Be2 Qe4 30. O-O Bf8 31. Ra1 Bg7 32. Qe3 Qxe3+ 33.
Bxe3 Rxb2 34. Bd1 d4 35. Rf2 dxc3 36. Bxa4 Bxa4 37. Rxa4 Rb1+ 38. Rf1 c2
39. Rc4 Rb3 40. Bd4 { Black resigns } 1-0

[Event "ICC tourney 2416 (40 10)"]
[Site "Internet Chess Club"]
[Date "2021.02.28"]
[Round "4"]
[White "ZOU, KEVIN GAOMING:lmperfectFocus"]
[Black "Jang, Jia-Syuan Eric:tricksterssbu"]
[Result "1-0"]
[ICCResult "Black resigns"]
[WhiteElo "1582"]
[BlackElo "1585"]
[Opening "Pirc: classical (two knights) system"]
[ECO "B07"]
[NIC "PU.10"]
[Time "17:47:32"]
[PlyCount "101"]
[TimeControl "2400+10"]

1. e4 d6 2. d4 g6 3. Nf3 Bg7 4. Nc3 Nf6 5. Bc4 O-O 6. O-O c5 7. dxc5 dxc5
8. Qxd8 Rxd8 9. Be3 Nbd7 10. Rad1 a6 11. Bxc5 b5 12. Bxe7 Re8 13. Bxf6 Nxf6
14. Bd5 Nxd5 15. exd5 Bg4 16. d6 Red8 17. h3 Bxf3 18. gxf3 Rac8 19. Rfe1
Bxc3 20. bxc3 Rxc3 21. Re7 Kf8 22. Ra7 Rxc2 23. Rxa6 Rd7 24. Ra8+ Kg7 25.
Ra6 b4 26. Rd4 Rb2 27. Kg2 b3 28. axb3 Rxb3 29. Rc6 Kf6 30. Kg3 Rb5 31. f4
g5 32. fxg5+ Rxg5+ 33. Kh4 Rb5 34. f4 Kf5 35. Kg3 Rb3+ 36. Kh4 Rb5 37. Kh5
Rb3 38. h4 Rb5 39. Kh6 Kf6 40. Rc8 Rb6 41. Kxh7 Rbxd6 42. Rxd6+ Rxd6 43. h5
Kf5 44. Rc4 Rf6 45. h6 Rg6 46. Rd4 Re6 47. Rb4 Rg6 48. Rb7 Kxf4 49. Rxf7+
Kg5 50. Rg7 Rxg7+ 51. hxg7 { Black resigns } 1-0

[Event "ICC tourney 2416 (40 10)"]
[Site "Internet Chess Club"]
[Date "2021.02.28"]
[Round "4"]
[White "LIAO, CONNOR:che2468"]
[Black "WU, JONATHAN ZUANXU:wulovechess"]
[Result "1/2-1/2"]
[ICCResult "Game drawn because neither player has mating material"]
[WhiteElo "1465"]
[BlackElo "1542"]
[Opening "Queen's pawn: Chigorin variation"]
[ECO "D00"]
[NIC "QP.08"]
[Time "17:46:57"]
[PlyCount "115"]
[TimeControl "2400+10"]

1. d4 d5 2. Nc3 Nf6 3. Bf4 Bf5 4. e3 e6 5. f3 c6 6. g4 Bg6 7. h4 h6 8. Bd3
Bxd3 9. Qxd3 Nbd7 10. Nge2 Bb4 11. Kf2 Qe7 12. g5 Nh7 13. g6 Nhf6 14. a3
Ba5 15. Rhg1 O-O-O 16. gxf7 Qxf7 17. e4 dxe4 18. Nxe4 Nxe4+ 19. Qxe4 e5 20.
dxe5 Bb6+ 21. Kf1 Bxg1 22. Nxg1 Nc5 23. Qb4 Ne6 24. Be3 b6 25. Qe4 Kc7 26.
Qa4 Kb7 27. Qe4 Rd7 28. Ne2 Rhd8 29. Nc3 Qe7 30. b4 Nd4 31. b5 Qe6 32. Kg2
Qc4 33. e6 Qxe6 34. Bxd4 Qxe4 35. Nxe4 Rxd4 36. bxc6+ Kxc6 37. c3 Rd1 38.
Ra2 R8d3 39. a4 a5 40. Kg3 Re1 41. Kf4 b5 42. axb5+ Kxb5 43. c4+ Kxc4 44.
Rxa5 Rd5 45. Ra7 Rh1 46. Rc7+ Kd4 47. Rxg7 Rxh4+ 48. Kg3 Rdh5 49. Nf2 Rg5+
50. Kxh4 Rxg7 51. Ng4 Rf7 52. Nxh6 Rxf3 53. Kg4 Ke4 54. Kh4 Kf4 55. Ng4 Rf1
56. Kh3 Kf3 57. Nh2+ Ke4 58. Nxf1 { Game drawn because neither player has
mating material } 1/2-1/2

[Event "ICC tourney 2416 (40 10)"]
[Site "Internet Chess Club"]
[Date "2021.02.28"]
[Round "4"]
[White "RAJU, YAKSHWAG REDDY:Yakshwag"]
[Black "YUAN, SERENA:doudou2011"]
[Result "1/2-1/2"]
[ICCResult "Game drawn by mutual agreement"]
[WhiteElo "1382"]
[BlackElo "1505"]
[Opening "Sicilian: Pelikan, Chelyabinsk variation"]
[ECO "B33"]
[NIC "SI.37"]
[Time "17:46:56"]
[PlyCount "144"]
[TimeControl "2400+10"]

1. e4 c5 2. Nf3 Nc6 3. d4 cxd4 4. Nxd4 Nf6 5. Nc3 e5 6. Ndb5 d6 7. Bg5 a6
8. Na3 b5 9. Nd5 Be7 10. Bxf6 Bxf6 11. c3 O-O 12. Bd3 Bg5 13. Nc2 Be6 14.
Nce3 Bxe3 15. Nxe3 Ne7 16. Nd5 Bxd5 17. exd5 f5 18. O-O e4 19. Bc2 Rc8 20.
f3 Qb6+ 21. Kh1 e3 22. Qd3 Ng6 23. f4 Rce8 24. Rae1 Qc5 25. g3 Kh8 26. Rf3
e2 27. Bb3 a5 28. a3 Re4 29. Rxe2 Rfe8 30. Rxe4 fxe4 31. Re3 Nf8 32. Rxe4
Rxe4 33. Qxe4 Qf2 34. Qd3 Qxb2 35. Bc2 Qxa3 36. Kg2 Qb2 37. c4 Qb4 38. cxb5
a4 39. Kh3 a3 40. Qb3 Qxb3 41. Bxb3 Nd7 42. Kg4 Kg8 43. Kf3 Kf7 44. g4 Ke7
45. Ke3 Nf6 46. h3 Kd7 47. Kd3 Kc7 48. Bc4 Kb6 49. Kd4 Ne8 50. f5 Nf6 51.
g5 Nd7 52. Kc3 Kc5 53. h4 Ne5 54. Be2 Kxd5 55. Kb3 a2 56. Kxa2 Kc5 57. Kb3
d5 58. f6 gxf6 59. gxf6 d4 60. Kc2 Kd6 61. Kb3 Ke6 62. b6 Nc6 63. Kc4 Kxf6
64. Kc5 Nb8 65. b7 Ke7 66. Kb6 Kd6 67. h5 h6 68. Bd3 Nd7+ 69. Ka7 Kc7 70.
Bf5 Nb8 71. Ka8 Nc6 72. Be4 Nb8 { Game drawn by mutual agreement } 1/2-1/2